cohdb
Replays
Latest Replays
All Replays
Popular Replays
Top Player Replays
Match Explorer
How It Works
Community
CoH3 Stats
Reddit
Sign in to upload your games and track your stats! →
Sign in with Steam
Match 40939800
Unlisted
Match 40939800
Overview
Messages
Build Orders
End
Royal Engineer Section
Construct Section Command Post
Infantry Section
Selects Canadian Shock Battlegroup
Infantry Section
Infantry Section
Construct Platoon Command Post
Selects Attacking Spirit
Humber Armored Car
Infantry Section
Selects Incendiary Munitions
Construct Field Infirmary
Grenade Package
Selects Canadian Shock Section
Construct Company Command Post
Selects Pyrotechnics
Selects Point Assault
Crusader II Medium Tank
6-pounder Anti-tank Gun Team
FeriG
.:PSG:. RedxWings
0
0
Comments
sign in to comment!
No comments posted yet!